 Dungeon Crawl Stone Soup version 0.26-a0-612-gd4d190f45e (webtiles) character file.

Game seed: 13804703238392681714

811 headache the Slasher (level 7, -4/50 HPs)
             Began as an Octopode Fighter on Sept 9, 2020.
             Slain by a centaur (7 damage)
             ... on level 5 of the Dungeon.
             The game lasted 00:10:20 (4773 turns).

headache the Slasher (Octopode Fighter)             Turns: 4773, Time: 00:10:20

Health: -4/50      AC:  1    Str: 16    XL:     7   Next: 93%
Magic:  14/19      EV: 14    Int: 16    God:
Gold:   243        SH:  5    Dex: 13    Spells: 8/10 levels left

rFire    . . .     SeeInvis .   a - +0 long sword
rCold    . . .     Faith    .   k - +0 buckler
rNeg     . . .     Spirit   .   (helmet restricted)
rPois    .         Reflect  .   (no amulet)
rElec    .         Harm     .   f - ring of magical power
rCorr    .                      u - +6 ring of intelligence
MR       .....                  (no ring)
Stlth    ++........             (no ring)
HPRegen  0.16/turn              (no ring)
MPRegen  0.16/turn              (no ring)
                                (no ring)
                                (no ring)

@: no status effects
A: almost no armour, stealthy swim, amphibious, 8 rings, constrict 8, camouflage
1, gelatinous body 1
a: no special abilities


You were on level 5 of the Dungeon.
You visited 1 branch of the dungeon, and saw 5 of its levels.

You collected 243 gold pieces.

Inventory:

Hand Weapons
 a - a +0 long sword (weapon)
 g - a +1 hand axe of freezing
Missiles
 q - 8 boomerangs (quivered)
Armour
 b - a +0 kite shield
 k - a +0 buckler (worn)
Jewellery
 f - a ring of magical power (left tentacle)
 u - a +6 ring of intelligence (right tentacle)
Wands
 t - a wand of paralysis (2)
Scrolls
 d - 2 scrolls of enchant weapon
 h - a scroll of identify
 j - 2 scrolls of remove curse
 l - a scroll of immolation
 n - a scroll of enchant armour
 r - a scroll of amnesia
Potions
 c - a potion of might
 i - a potion of stabbing
 m - 2 potions of berserk rage
 o - a potion of brilliance
 p - a potion of magic


   Skills:
 - Level 5.1 Fighting
 - Level 5.7 Long Blades
 + Level 3.3 Dodging
 - Level 4.0 Shields
 - Level 2.3 Spellcasting
 - Level 2.7 Summonings


You had 8 spell levels left.
You knew the following spells:

 Your Spells              Type           Power        Failure   Level
a - Call Imp              Summ           ##......     10%         2

Your spell library contained the following spells:

 Spells                   Type           Power        Failure   Level
 Summon Small Mammal      Summ           ##..         6%          1
 Call Canine Familiar     Summ           ##......     19%         3
 Summon Guardian Golem    Hex/Summ       #.......     34%         3
 Summon Ice Beast         Ice/Summ       #.......     75%         4
 Summon Lightning Spire   Summ/Air       #.......     75%         4


Dungeon Overview and Level Annotations

Branches:
Dungeon (5/15)
 Temple: D:4-7

Altars:
Cheibriados
Ru
Trog


Innate Abilities, Weirdness & Mutations

You cannot wear most types of armour.
You are very stealthy in the water. (Stealth+)
You are amphibious.
You can wear up to eight rings at the same time.
You can use your tentacles to constrict eight enemies at once.
Your skin changes colour to match your surroundings (Stealth+).
Your rubbery body absorbs attacks. (AC +1, EV +1)


Message History

The centaur hits you but does no damage.
You closely miss the centaur. You squeeze the centaur!
The centaur is moderately wounded.
Your crimson imp disappears in a puff of smoke!
The centaur hits you.
* * * LOW HITPOINT WARNING * * *
An orc comes into view. It is wielding a +0 mace.
The centaur barely misses you.
You hit the centaur but do no damage. Your squeeze misses the centaur.
The centaur is moderately wounded.
The centaur hits you.
* * * LOW HITPOINT WARNING * * *
Evoke which item? (* to show all) (? for menu, Esc to quit)
Aiming: Paralyse
Press: ? - help, Shift-Dir - straight line, f - centaur
Aim: a centaur (moderately wounded, chance to defeat MR: 46%)
The centaur resists with some effort.
The centaur hits you!
* * * LOW HITPOINT WARNING * * *
The centaur hits you!
You die...

Y.. .( #..# #.
...##.###
.#..#...##
##........
#...#....#######
#....<..(....
####(..####..
#oc@......#
#...#)5...##.#
##....###.# #
#.#..# .... ...#
.#..## #..#
#.#..# ...# #
#..# #.# #...


You could see a centaur, an orc and a friendly white imp (summoned).

Vanquished Creatures
  Eustachio (D:4)
  3 ogres
  A hound (D:3)
  A jelly (D:3)
  A bullfrog skeleton (D:4)
  An orc priest (D:4)
  An iguana (D:4)
  Ijyb (D:4)
  An orc wizard (D:5)
  A worker ant (D:5)
  4 gnolls
  12 adders
  An adder skeleton (D:3)
  4 worms
  2 dart slugs
  3 leopard geckos (D:3)
  8 orcs
  11 bats
  7 giant cockroaches
  6 hobgoblins
  10 jackals
  6 kobolds
  A quokka (D:3)
  2 ball pythons (D:3)
  4 frilled lizards
  11 goblins
  7 rats
111 creatures vanquished.

Vanquished Creatures (collateral kills)
  An orc (D:5)
1 creature vanquished.

Vanquished Creatures (others)
  12 plants (D:1)
12 creatures vanquished.

Grand Total: 124 creatures vanquished

Notes
Turn   | Place    | Note
-------+----------+-------------------------------------------
     0 | D:1      | headache the Octopode Fighter began the quest for the Orb.
     0 | D:1      | Reached XP level 1. HP: 16/16 MP: 1/1
   173 | D:1      | Reached XP level 2. HP: 21/21 MP: 2/2
   972 | D:2      | Reached XP level 3. HP: 21/26 MP: 3/3
  1621 | D:2      | Reached XP level 4. HP: 27/31 MP: 4/4
  1906 | D:2      | Found a sacrificial altar of Ru.
  2077 | D:2      | Reached XP level 5. HP: 35/36 MP: 5/5
  2684 | D:3      | Reached skill level 5 in Long Blades
  2964 | D:3      | Found a snail-covered altar of Cheibriados.
  2968 | D:3      | Reached XP level 6. HP: 42/42 MP: 6/6
  3337 | D:3      | Learned a level 2 spell: Call Imp
  3437 | D:4      | Noticed Eustachio
  3486 | D:3      | Reached skill level 1 in Spellcasting
  3486 | D:3      | Reached skill level 1 in Summonings
  3804 | D:4      | Reached XP level 7. HP: 46/46 MP: 10/10
  3814 | D:4      | Killed Eustachio
  4184 | D:4      | Reached skill level 5 in Fighting
  4207 | D:4      | Noticed Ijyb
  4210 | D:4      | Paralysed by Ijyb for 5 turns
  4218 | D:4      | Killed Ijyb
  4418 | D:4      | Found a bloodstained altar of Trog.
  4740 | D:5      | Entered Level 5 of the Dungeon
  4773 | D:5      | Slain by a centaur

Illustrated notes

Levels and vault maps discovered:
D:1:      roderic_crop_circles_arrival_small, layout_loops_ring, hex_large,
          fountainhead, minmay_tromino_v2
D:2:      layout_rooms, nicolae_ru_sacrificial_ziggurat, st_stairs_7
D:3:      layout_rooms, cheibriados_altar_1
D:4:      layout_cave_pools, lightli_temple_of_fire,
          chequers_serial_rivers_large_b, uniq_eustachio, uniq_ijyb
D:5:      layout_basic, nemelex_altar_shiori, minmay_temple_entry_arrows,
          grunt_gozag_statues

Skill      XL: |  1  2  3  4  5  6  7 |
---------------+----------------------+-----
Long Blades    | 3 4 5 |  5.7
Shields        | 4 |  4.0
Spellcasting   | 2 |  2.3
Summonings     | 2 |  2.7
Fighting       | 5 |  5.1
Dodging        | |  3.3

Action                   |  1- 3 |  4- 6 |  7- 9 || total
-------------------------+-------+-------+-------++-------
Melee: Long sword        |    48 |   116 |    50 ||   214
       Constrict         |    14 |    35 |    18 ||    67
       Tentacles         |     8 |    26 |    15 ||    49
Throw: Boomerang         |       |    14 |    10 ||    24
       Throwing net      |       |     1 |       ||     1
 Cast: Call Imp          |       |     4 |     6 ||    10
Evoke: Wand              |       |       |     1 ||     1
  Use: Scroll            |       |       |    12 ||    12
 Stab: Sleeping          |     6 |     9 |     4 ||    19
Armor: Skin              |     5 |     3 |     3 ||    11
Dodge: Dodged            |    20 |    80 |    42 ||   142
Block: Kite shield       |    32 |    21 |       ||    53
       Buckler           |       |    12 |    14 ||    26
       Rpst.: Long sword |    11 |    26 |    12 ||    49

Table legend: (Time is in decaauts)
 A = Elapsed time spent in this place.
 B = Non-inter-level travel time spent in this place.
 C = Inter-level travel time spent in this place.
 D = Time resting spent in this place.
 E = Time spent auto-exploring this place.
 F = Levels seen in this place.
 G = Mean time per level.
                   A        B        C        D        E       F      G
               +--------+--------+--------+--------+--------+-----+--------+
         Total |   4834 |   4615 |    219 |   1419 |   2362 |   5 |  966.8 |
       Dungeon |   4834 |   4615 |    219 |   1419 |   2362 |   5 |  966.8 |
               +--------+--------+--------+--------+--------+-----+--------+

Top non-repeatable levels by time:
     D:1: 1659 daAuts
     D:3: 1343 daAuts
     D:4: 915 daAuts
     D:2: 882 daAuts
     D:5: 34 daAuts
